 Dungeon Crawl Stone Soup version 0.25-a0-1133-g93ebf739aa (webtiles) character file.

Game seed: 7911743849673580302, levelgen mode: deterministic

58 vurker the Charlatan (level 4, -1/32 HPs)
             Began as a Human Artificer on May 21, 2020.
             Slain by a worm (10 damage)
             ... on level 2 of the Dungeon.
             The game lasted 00:02:24 (2248 turns).

vurker the Charlatan (Human Artificer)              Turns: 2248, Time: 00:02:25

Health: -1/32      AC:  3    Str: 13    XL:     4   Next: 21%
Magic:  6/6        EV: 12    Int: 11    God:
Gold:   46         SH:  0    Dex: 14    Spells: 3/3 levels left

rFire    . . .     SeeInvis .   a - +1 short sword
rCold    . . .     Gourm    .   (no shield)
rNeg     . . .     Faith    .   b - +0 leather armour
rPois    .         Spirit   .   (no helmet)
rElec    .         Reflect  .   (no cloak)
rCorr    .         Harm     .   (no gloves)
MR       .....     Rnd*Tele +   (no boots)
Stlth    +.........             (no amulet)
HPRegen  0.10/turn              i - ring of teleportation (curse)
MPRegen  0.10/turn              (no ring)

@: no status effects
A: no striking features
a: no special abilities


You were on level 2 of the Dungeon.
You were not hungry.

You visited 1 branch of the dungeon, and saw 2 of its levels.

You collected 46 gold pieces.

Inventory:

Hand Weapons
 a - a +1 short sword (weapon)
Armour
 b - a +0 leather armour (worn)
Jewellery
 i - a cursed ring of teleportation (left hand)
   (You found it on level 2 of the Dungeon)
Wands
 d - a wand of enslavement (15)
 f - a wand of random effects (15)
 t - a wand of flame (15)
Potions
 h - a potion of cancellation {unknown}
Comestibles
 e - a ration
 g - a chunk of flesh


   Skills:
 + Level 1.6 Fighting
 - Level 1.0 Short Blades
 + Level 1.2 Armour
 * Level 2.8 Dodging
 - Level 1.0 Stealth
 * Level 3.7 Evocations


You had 3 spell levels left.
You didn't know any spells.
Your spell library was empty.

Dungeon Overview and Level Annotations

Branches:
Dungeon (2/15)

Altars:


Message History

No target in view!
No target in view!
No target in view!
No target in view!
No target in view!
You feel sick.
You feel sick.
You feel sick.
You feel sick.
You feel sick.
You feel sick.
You feel sick.
You feel sick.
You feel sick.
You feel sick.
The goblin is too close now for your liking.
A goblin is nearby!
You are too injured to fight recklessly!
You are too injured to fight recklessly!
You are too injured to fight recklessly!
You are too injured to fight recklessly!
Unknown command.
You are too injured to fight recklessly!
You feel sick.
The goblin shouts!
You completely miss the goblin.
You feel sick. The goblin closely misses you.
You hit the goblin but do no damage. The goblin misses you.
You hit the goblin but do no damage. The goblin closely misses you.
You barely miss the goblin. The goblin barely misses you.
You closely miss the goblin.
You feel sick.
You are no longer poisoned.
The goblin barely misses you. The goblin hits you.
* * * LOW HITPOINT WARNING * * *
You barely miss the goblin. The goblin hits you but does no damage.
You hit the goblin.
You kill the goblin!
The hobgoblin is too close now for your liking.
You are too injured to fight recklessly!
You are too injured to fight recklessly!
You feel strangely unstable.
You are suddenly yanked towards a nearby monster!
Your surroundings suddenly seem different.
Found a robe and 5 poisoned darts.
A worm comes into view.
The helpless worm fails to defend itself.
You hit the worm. The worm misses you.
You hit the worm. The worm barely misses you.
You hit the worm. You hit the worm. The worm bites you!
You die...

##+##
##...##
##.....##
##.......##
#
#.......(.#
.
+........[+
#
#.........#
##.......##
##..@..##
##.w.##
##+##


You could see a worm.

Vanquished Creatures
  An adder (D:2)
  A dart slug (D:1)
  A leopard gecko (D:1)
  2 giant cockroaches (D:1)
  9 goblins
  3 hobgoblins (D:1)
  2 jackals (D:1)
  5 kobolds
  A quokka (D:2)
  9 bats
  4 frilled lizards
  5 rats
43 creatures vanquished.

Notes
Turn   | Place    | Note
-------+----------+-------------------------------------------
     0 | D:1      | vurker the Human Artificer began the quest for the Orb.
     0 | D:1      | Reached XP level 1. HP: 15/15 MP: 3/3
   301 | D:1      | Reached XP level 2. HP: 8/21 MP: 4/4
   703 | D:1      | Reached XP level 3. HP: 12/26 MP: 5/5
   965 | D:1      | Reached skill level 1 in Armour
  2166 | D:2      | Reached XP level 4. HP: 31/32 MP: 6/6
  2248 | D:2      | Slain by a worm

Illustrated notes

Levels and vault maps discovered:
D:1:      dpeg_arrival_round_b, layout_loops_ring, minmay_pentomino_v4
D:2:      layout_loops_corners, first_ration, st_stairs_10

Skill      XL: |  1  2  3 |
---------------+----------+-----
Armour         | 1 |  1.2
Fighting       | |  1.6
Short Blades   | |  1.0
Dodging        | |  2.8
Stealth        | |  1.0
Evocations     | |  3.7

Action                   |  1- 3 |  4- 6 || total
-------------------------+-------+-------++-------
Melee: Short sword       |   165 |    21 ||   186
  Use: Scroll            |       |     1 ||     1
 Stab: Sleeping          |     1 |     1 ||     2
  Eat: Chunk             |     4 |       ||     4
Armor: Leather armour    |    61 |     4 ||    65
Dodge: Dodged            |   127 |    14 ||   141

Table legend:
 A = Non-vault XP
 B = Vault XP
 C = Vault XP percentage of total XP
 D = Non-vault monster count
 E = Vault monster count
 F = Vault count percentage of total count
                 A         B        C        D         E       F
            +---------+---------+-------+---------+---------+-------
      Total |      74 |      10 |  11.9 |      38 |       5 |  11.6
            +---------+---------+-------+---------+---------+-------
        D:1 |      51 |       8 |  13.6 |      30 |       4 |  11.8
        D:2 |      23 |       2 |   8.0 |       8 |       1 |  11.1
            +---------+---------+-------+---------+---------+-------
